 Dungeon Crawl Stone Soup version 0.30-a0-782-ge64f9170bb (webtiles) character file.

Game seed: 13851378508015204812

25 Dirian the Trooper (level 2, 0/27 HPs)
             Began as a Minotaur Fighter on Mar 12, 2023.
             Succumbed to a goblin's poison
             ... on level 1 of the Dungeon.
             The game lasted 00:00:51 (565 turns).

Dirian the Trooper (Minotaur Fighter)                Turns: 565, Time: 00:00:52

Health: 0/27       AC:  7    Str: 20    XL:     2   Next: 82%
Magic:  1/1        EV:  9    Int:  5    God:
Gold:   50         SH:  4    Dex:  9    Spells: 1/1 levels left

rFire   . . .      SeeInvis .    a - +0 long sword
rCold   . . .      Faith    .    c - +0 buckler
rNeg    . . .      Spirit   .    b - +0 scale mail
rPois   .          Reflect  .    (helmet restricted)
rElec   .          Harm     .    (no cloak)
rCorr   .          Rampage  .    (no gloves)
Will    .....                    (no boots) Stlth
                                 (no amulet)
HPRegen 0.24/turn                (no ring)
MPRegen 0.07/turn                (no ring)

@: lethally poisoned (0 -> -25)
A: horns 2, retaliatory headbutt
a: no special abilities


You were on level 1 of the Dungeon.
You visited 1 branch of the dungeon, and saw 1 of its levels.

You collected 50 gold pieces.

Inventory:

Hand Weapons
 a - a +0 long sword (weapon)
Armour
 b - a +0 scale mail (worn)
 c - a +0 buckler (worn)
 g - a +0 chain mail
Jewellery
 k - a ring of protection from cold
 m - a ring of willpower
Scrolls
 e - 2 scrolls of immolation {unknown}
 f - a scroll of fear {unknown}
 h - a scroll of torment {unknown}
 i - a scroll of noise {unknown}
 l - a scroll of blinking {unknown}
 o - a scroll of acquirement {unknown}
Potions
 d - a potion of might
 j - a potion of haste {unknown}
 n - a potion of berserk rage {unknown}


   Skills:
 + Level 4.0 Fighting
 + Level 3.0 Long Blades
 + Level 4.0 Armour
 + Level 4.0 Shields


You had one spell level left.
You didn't know any spells.
Your spell library contained the following spells:

 Spells                   Type           Power      Damage    Failure   Level
 Apportation              Tloc           0%         N/A       89%         1
 Necrotise                Necr           0%         1d4       89%         1
 Summon Small Mammal      Summ           0%         N/A       89%         1


Dungeon Overview and Level Annotations

Branches:
Dungeon (1/15) Zot: 5421

Altars:


Innate Abilities, Weirdness & Mutations

You have a pair of horns on your head.
You reflexively headbutt those who attack you in melee.


Message History

A goblin is nearby!
There is an open door here.
The goblin hits you but does no damage.
You are poisoned.
You barely miss the goblin. Your headbutt misses the goblin.
You feel very sick.
The goblin hits you with a +0 dagger of venom.
You are more poisoned.
You closely miss the goblin. Your headbutt misses the goblin.
You feel very sick. You block the goblin's attack.
The goblin hits you with a +0 dagger of venom.
You are lethally poisoned!
You are too injured to fight recklessly!
You are too injured to fight recklessly!
You are too injured to fight recklessly!
You are too injured to fight recklessly!
You are too injured to fight recklessly!
You are too injured to fight recklessly!
You are too injured to fight recklessly!
You are too injured to fight recklessly!
You are too injured to fight recklessly!
You are too injured to fight recklessly!
You are too injured to fight recklessly!
You are too injured to fight recklessly!
You are too injured to fight recklessly!
You are too injured to fight recklessly!
You are too injured to fight recklessly!
You are too injured to fight recklessly!
You are too injured to fight recklessly!
You are too injured to fight recklessly!
You are too injured to fight recklessly!
You hit the goblin but do no damage.
* * * LOW HITPOINT WARNING * * *
You feel extremely sick. The goblin hits you but does no damage.
You are more poisoned.
You slash the goblin!
You kill the goblin!
You die...

#.###....## #.
##.#.#.##..# #.
#.......##.# #.
#..##...##..# #. #
#))......# #.
##(#.#...# #.
...###...## .# #.
##...#.....####..##
#..####.
..........'@)....#
.....>..
#..........####....#
##.####.
#.#.......## ##. ##
# ##.....## ##...##
##+##


There were no monsters in sight!

Vanquished Creatures
  A dart slug (D:1)
  2 endoplasms (D:1)
  2 giant cockroaches (D:1)
  2 goblins (D:1)
  2 hobgoblins (D:1)
  A jackal (D:1)
  A quokka (D:1)
  2 ball pythons (D:1)
  2 bats (D:1)
  A frilled lizard (D:1)
  3 kobolds (D:1)
  4 rats (D:1)
23 creatures vanquished.

Notes
Turn   | Place    | Note
-------+----------+-------------------------------------------
     0 | D:1      | Dirian the Minotaur Fighter began the quest for the Orb.
     0 | D:1      | Reached XP level 1. HP: 19/19 MP: 0/0
   152 | D:1      | Reached XP level 2. HP: 27/27 MP: 1/1
   565 | D:1      | Succumbed to a goblin's poison

Illustrated notes

Levels and vault maps discovered:
D:1:      dpeg_arrival_signposts, layout_loops_corners, chequers_avenue,
          minmay_hexomino_u4

Skill      XL: |  1  2 |
---------------+-------+-----
Fighting       | 4 |  4.0
Armour         | 4 |  4.0
Long Blades    | 3 |  3.0
Shields        | 4 |  4.0

Action                     || total
---------------------------++-------
  Melee: Long sword        ||    44
         Headbutt          ||     7
 Armour: Scale mail        ||    16
  Dodge: Dodged            ||    31
  Block: Buckler           ||    13

Table legend: (Time is in decaauts)
 A = Elapsed time spent in this place.
 B = Non-inter-level travel time spent in this place.
 C = Inter-level travel time spent in this place.
 D = Time resting spent in this place.
 E = Time spent auto-exploring this place.
 F = Levels seen in this place.
 G = Mean time per level.
                   A        B        C        D        E       F      G
               +--------+--------+--------+--------+--------+-----+--------+
         Total |    578 |    578 |      0 |      0 |    452 |   1 |  578.0 |
       Dungeon |    578 |    578 |      0 |      0 |    452 |   1 |  578.0 |
               +--------+--------+--------+--------+--------+-----+--------+

Top non-repeatable levels by time:
     D:1: 578 daAuts
